%YAML 1.1
%TAG !u! tag:unity3d.com,2011:
--- !u!114 &11400000
MonoBehaviour:
  m_ObjectHideFlags: 0
  m_CorrespondingSourceObject: {fileID: 0}
  m_PrefabInternal: {fileID: 0}
  m_GameObject: {fileID: 0}
  m_Enabled: 1
  m_EditorHideFlags: 0
  m_Script: {fileID: 11500000, guid: 0e0c2324a9ab1224ebe3edad393e3544, type: 3}
  m_Name: Art0001
  m_EditorClassIdentifier: 
  nodes:
  - {fileID: 114278593310070486}
  - {fileID: 114919433475091306}
  - {fileID: 114156292948809208}
  - {fileID: 114939528427883906}
  - {fileID: 114963582871149726}
  - {fileID: 114928586872217028}
  - {fileID: 114214364200043606}
  - {fileID: 114519281869117796}
  editorStates:
  - {fileID: 114330995948201750}
  livesInScene: 0
--- !u!114 &114021493184059734
MonoBehaviour:
  m_ObjectHideFlags: 1
  m_CorrespondingSourceObject: {fileID: 0}
  m_PrefabInternal: {fileID: 0}
  m_GameObject: {fileID: 0}
  m_Enabled: 1
  m_EditorHideFlags: 0
  m_Script: {fileID: 11500000, guid: 42e7026d0da7df848ab67d517ac12d74, type: 3}
  m_Name: RGBA
  m_EditorClassIdentifier: 
  body: {fileID: 114963582871149726}
  side: 2
  sidePosition: 53.5
  sideOffset: 0
  connections:
  - {fileID: 114610649913958736}
  typeID: SuperFloat4
  calculationBlockade: 0
--- !u!114 &114059271441346470
MonoBehaviour:
  m_ObjectHideFlags: 1
  m_CorrespondingSourceObject: {fileID: 0}
  m_PrefabInternal: {fileID: 0}
  m_GameObject: {fileID: 0}
  m_Enabled: 1
  m_EditorHideFlags: 0
  m_Script: {fileID: 11500000, guid: 4caff27366054dd44a30ddb5be369acc, type: 3}
  m_Name: RGBA
  m_EditorClassIdentifier: 
  body: {fileID: 114214364200043606}
  side: 4
  sidePosition: 103.5
  sideOffset: 0
  connection: {fileID: 114340122276706354}
  typeID: SuperFloat4
--- !u!114 &114156292948809208
MonoBehaviour:
  m_ObjectHideFlags: 1
  m_CorrespondingSourceObject: {fileID: 0}
  m_PrefabInternal: {fileID: 0}
  m_GameObject: {fileID: 0}
  m_Enabled: 1
  m_EditorHideFlags: 0
  m_Script: {fileID: 11500000, guid: c27b9a5c05a327b429e00e673cb560ea, type: 3}
  m_Name: New Texture
  m_EditorClassIdentifier: 
  rect:
    serializedVersion: 2
    x: -199.29468
    y: 385.99933
    width: 150
    height: 210
  nodeKnobs:
  - {fileID: 114721862855085740}
  - {fileID: 114531304298209008}
  Inputs:
  - {fileID: 114721862855085740}
  Outputs:
  - {fileID: 114531304298209008}
  tex: {fileID: 2800000, guid: 72c0aa721f60d6d4c91b2e20f89e717e, type: 3}
  MemoCount: 2
--- !u!114 &114214364200043606
MonoBehaviour:
  m_ObjectHideFlags: 1
  m_CorrespondingSourceObject: {fileID: 0}
  m_PrefabInternal: {fileID: 0}
  m_GameObject: {fileID: 0}
  m_Enabled: 1
  m_EditorHideFlags: 0
  m_Script: {fileID: 11500000, guid: ee424d0ee49c7cc4d9d954a8b241a235, type: 3}
  m_Name: Add = A with B
  m_EditorClassIdentifier: 
  rect:
    serializedVersion: 2
    x: 302.1054
    y: -65.000725
    width: 172
    height: 290
  nodeKnobs:
  - {fileID: 114059271441346470}
  - {fileID: 114610649913958736}
  - {fileID: 114524590203769062}
  Inputs:
  - {fileID: 114059271441346470}
  - {fileID: 114610649913958736}
  Outputs:
  - {fileID: 114524590203769062}
  Variable: 1
  parametersOK: 1
  Include_RGBA_Alpha: 0
  Include_RGBA_Alpha2: 0
  MemoCount: 1
--- !u!114 &114278593310070486
MonoBehaviour:
  m_ObjectHideFlags: 1
  m_CorrespondingSourceObject: {fileID: 0}
  m_PrefabInternal: {fileID: 0}
  m_GameObject: {fileID: 0}
  m_Enabled: 1
  m_EditorHideFlags: 0
  m_Script: {fileID: 11500000, guid: c27b9a5c05a327b429e00e673cb560ea, type: 3}
  m_Name: New Texture
  m_EditorClassIdentifier: 
  rect:
    serializedVersion: 2
    x: -596.79736
    y: 183.79973
    width: 150
    height: 210
  nodeKnobs:
  - {fileID: 114968108551105578}
  - {fileID: 114391554489981624}
  Inputs:
  - {fileID: 114968108551105578}
  Outputs:
  - {fileID: 114391554489981624}
  tex: {fileID: 2800000, guid: 88079db75ef67ba4dadcd18f76bb386c, type: 3}
  MemoCount: 1
--- !u!114 &114305171557806216
MonoBehaviour:
  m_ObjectHideFlags: 1
  m_CorrespondingSourceObject: {fileID: 0}
  m_PrefabInternal: {fileID: 0}
  m_GameObject: {fileID: 0}
  m_Enabled: 1
  m_EditorHideFlags: 0
  m_Script: {fileID: 11500000, guid: 42e7026d0da7df848ab67d517ac12d74, type: 3}
  m_Name: RGBA
  m_EditorClassIdentifier: 
  body: {fileID: 114919433475091306}
  side: 2
  sidePosition: 53.5
  sideOffset: 0
  connections:
  - {fileID: 114319719597250532}
  typeID: SuperFloat4
  calculationBlockade: 0
--- !u!114 &114319719597250532
MonoBehaviour:
  m_ObjectHideFlags: 1
  m_CorrespondingSourceObject: {fileID: 0}
  m_PrefabInternal: {fileID: 0}
  m_GameObject: {fileID: 0}
  m_Enabled: 1
  m_EditorHideFlags: 0
  m_Script: {fileID: 11500000, guid: 4caff27366054dd44a30ddb5be369acc, type: 3}
  m_Name: RGBA
  m_EditorClassIdentifier: 
  body: {fileID: 114939528427883906}
  side: 4
  sidePosition: 103.5
  sideOffset: 0
  connection: {fileID: 114305171557806216}
  typeID: SuperFloat4
--- !u!114 &114330995948201750
MonoBehaviour:
  m_ObjectHideFlags: 1
  m_CorrespondingSourceObject: {fileID: 0}
  m_PrefabInternal: {fileID: 0}
  m_GameObject: {fileID: 0}
  m_Enabled: 1
  m_EditorHideFlags: 0
  m_Script: {fileID: 11500000, guid: f6ab6487237ff124ea4c2aa5de9ce3fb, type: 3}
  m_Name: MainEditorState
  m_EditorClassIdentifier: 
  canvas: {fileID: 11400000}
  parentEditor: {fileID: 0}
  drawing: 1
  selectedNode: {fileID: 114519281869117796}
  LivePreviewShaderPath: Assets/Shader/PHOENIX_SHADER/ArtShader/Art_Demo0001.shader
  ShaderName: Art_Demo0001
  ShaderInMemory: {fileID: 4800000, guid: 2cda259676c5310469c3106245974780, type: 3}
  panOffset: {x: -193.20538, y: -215.79926}
  zoom: 1.8
--- !u!114 &114340122276706354
MonoBehaviour:
  m_ObjectHideFlags: 1
  m_CorrespondingSourceObject: {fileID: 0}
  m_PrefabInternal: {fileID: 0}
  m_GameObject: {fileID: 0}
  m_Enabled: 1
  m_EditorHideFlags: 0
  m_Script: {fileID: 11500000, guid: 42e7026d0da7df848ab67d517ac12d74, type: 3}
  m_Name: RGBA
  m_EditorClassIdentifier: 
  body: {fileID: 114939528427883906}
  side: 2
  sidePosition: 103.5
  sideOffset: 0
  connections:
  - {fileID: 114059271441346470}
  typeID: SuperFloat4
  calculationBlockade: 0
--- !u!114 &114391554489981624
MonoBehaviour:
  m_ObjectHideFlags: 1
  m_CorrespondingSourceObject: {fileID: 0}
  m_PrefabInternal: {fileID: 0}
  m_GameObject: {fileID: 0}
  m_Enabled: 1
  m_EditorHideFlags: 0
  m_Script: {fileID: 11500000, guid: 42e7026d0da7df848ab67d517ac12d74, type: 3}
  m_Name: RGBA
  m_EditorClassIdentifier: 
  body: {fileID: 114278593310070486}
  side: 2
  sidePosition: 53.5
  sideOffset: 0
  connections:
  - {fileID: 114998809214804974}
  typeID: SuperFloat4
  calculationBlockade: 0
--- !u!114 &114426266723278856
MonoBehaviour:
  m_ObjectHideFlags: 1
  m_CorrespondingSourceObject: {fileID: 0}
  m_PrefabInternal: {fileID: 0}
  m_GameObject: {fileID: 0}
  m_Enabled: 1
  m_EditorHideFlags: 0
  m_Script: {fileID: 11500000, guid: 42e7026d0da7df848ab67d517ac12d74, type: 3}
  m_Name: UV
  m_EditorClassIdentifier: 
  body: {fileID: 114928586872217028}
  side: 2
  sidePosition: 103.5
  sideOffset: 0
  connections:
  - {fileID: 114721862855085740}
  typeID: SuperFloat2
  calculationBlockade: 0
--- !u!114 &114519281869117796
MonoBehaviour:
  m_ObjectHideFlags: 1
  m_CorrespondingSourceObject: {fileID: 0}
  m_PrefabInternal: {fileID: 0}
  m_GameObject: {fileID: 0}
  m_Enabled: 1
  m_EditorHideFlags: 0
  m_Script: {fileID: 11500000, guid: da0a24bab1293f04d997dae2ec51c468, type: 3}
  m_Name: Build Shader
  m_EditorClassIdentifier: 
  rect:
    serializedVersion: 2
    x: 620.7
    y: -62.1
    width: 300
    height: 400
  nodeKnobs:
  - {fileID: 114790466948596998}
  Inputs:
  - {fileID: 114790466948596998}
  Outputs: []
  BuildErrorFlag: 0
  BuildLightningSupport: 0
--- !u!114 &114524590203769062
MonoBehaviour:
  m_ObjectHideFlags: 1
  m_CorrespondingSourceObject: {fileID: 0}
  m_PrefabInternal: {fileID: 0}
  m_GameObject: {fileID: 0}
  m_Enabled: 1
  m_EditorHideFlags: 0
  m_Script: {fileID: 11500000, guid: 42e7026d0da7df848ab67d517ac12d74, type: 3}
  m_Name: RGBA
  m_EditorClassIdentifier: 
  body: {fileID: 114214364200043606}
  side: 2
  sidePosition: 103.5
  sideOffset: 0
  connections:
  - {fileID: 114790466948596998}
  typeID: SuperFloat4
  calculationBlockade: 0
--- !u!114 &114527834421933520
MonoBehaviour:
  m_ObjectHideFlags: 1
  m_CorrespondingSourceObject: {fileID: 0}
  m_PrefabInternal: {fileID: 0}
  m_GameObject: {fileID: 0}
  m_Enabled: 1
  m_EditorHideFlags: 0
  m_Script: {fileID: 11500000, guid: 4caff27366054dd44a30ddb5be369acc, type: 3}
  m_Name: UV
  m_EditorClassIdentifier: 
  body: {fileID: 114928586872217028}
  side: 4
  sidePosition: 103.5
  sideOffset: 0
  connection: {fileID: 0}
  typeID: SuperFloat2
--- !u!114 &114531304298209008
MonoBehaviour:
  m_ObjectHideFlags: 1
  m_CorrespondingSourceObject: {fileID: 0}
  m_PrefabInternal: {fileID: 0}
  m_GameObject: {fileID: 0}
  m_Enabled: 1
  m_EditorHideFlags: 0
  m_Script: {fileID: 11500000, guid: 42e7026d0da7df848ab67d517ac12d74, type: 3}
  m_Name: RGBA
  m_EditorClassIdentifier: 
  body: {fileID: 114156292948809208}
  side: 2
  sidePosition: 53.5
  sideOffset: 0
  connections:
  - {fileID: 114997558332994684}
  typeID: SuperFloat4
  calculationBlockade: 0
--- !u!114 &114610649913958736
MonoBehaviour:
  m_ObjectHideFlags: 1
  m_CorrespondingSourceObject: {fileID: 0}
  m_PrefabInternal: {fileID: 0}
  m_GameObject: {fileID: 0}
  m_Enabled: 1
  m_EditorHideFlags: 0
  m_Script: {fileID: 11500000, guid: 4caff27366054dd44a30ddb5be369acc, type: 3}
  m_Name: RGBA
  m_EditorClassIdentifier: 
  body: {fileID: 114214364200043606}
  side: 4
  sidePosition: 126.5
  sideOffset: 0
  connection: {fileID: 114021493184059734}
  typeID: SuperFloat4
--- !u!114 &114721862855085740
MonoBehaviour:
  m_ObjectHideFlags: 1
  m_CorrespondingSourceObject: {fileID: 0}
  m_PrefabInternal: {fileID: 0}
  m_GameObject: {fileID: 0}
  m_Enabled: 1
  m_EditorHideFlags: 0
  m_Script: {fileID: 11500000, guid: 4caff27366054dd44a30ddb5be369acc, type: 3}
  m_Name: UV
  m_EditorClassIdentifier: 
  body: {fileID: 114156292948809208}
  side: 4
  sidePosition: 53.5
  sideOffset: 0
  connection: {fileID: 114426266723278856}
  typeID: SuperFloat2
--- !u!114 &114736009407130800
MonoBehaviour:
  m_ObjectHideFlags: 1
  m_CorrespondingSourceObject: {fileID: 0}
  m_PrefabInternal: {fileID: 0}
  m_GameObject: {fileID: 0}
  m_Enabled: 1
  m_EditorHideFlags: 0
  m_Script: {fileID: 11500000, guid: 4caff27366054dd44a30ddb5be369acc, type: 3}
  m_Name: UV
  m_EditorClassIdentifier: 
  body: {fileID: 114919433475091306}
  side: 4
  sidePosition: 53.5
  sideOffset: 0
  connection: {fileID: 0}
  typeID: SuperFloat2
--- !u!114 &114790466948596998
MonoBehaviour:
  m_ObjectHideFlags: 1
  m_CorrespondingSourceObject: {fileID: 0}
  m_PrefabInternal: {fileID: 0}
  m_GameObject: {fileID: 0}
  m_Enabled: 1
  m_EditorHideFlags: 0
  m_Script: {fileID: 11500000, guid: 4caff27366054dd44a30ddb5be369acc, type: 3}
  m_Name: RGBA
  m_EditorClassIdentifier: 
  body: {fileID: 114519281869117796}
  side: 4
  sidePosition: 53.5
  sideOffset: 0
  connection: {fileID: 114524590203769062}
  typeID: SuperFloat4
--- !u!114 &114919433475091306
MonoBehaviour:
  m_ObjectHideFlags: 1
  m_CorrespondingSourceObject: {fileID: 0}
  m_PrefabInternal: {fileID: 0}
  m_GameObject: {fileID: 0}
  m_Enabled: 1
  m_EditorHideFlags: 0
  m_Script: {fileID: 11500000, guid: 90ec3a51e031a9f42a8eeb9d470525f6, type: 3}
  m_Name: Main Texture
  m_EditorClassIdentifier: 
  rect:
    serializedVersion: 2
    x: -616.8974
    y: -177.50009
    width: 148
    height: 215
  nodeKnobs:
  - {fileID: 114736009407130800}
  - {fileID: 114305171557806216}
  Inputs:
  - {fileID: 114736009407130800}
  Outputs:
  - {fileID: 114305171557806216}
  Variable: _MainTex_
  MemoCount: 1
--- !u!114 &114928586872217028
MonoBehaviour:
  m_ObjectHideFlags: 1
  m_CorrespondingSourceObject: {fileID: 0}
  m_PrefabInternal: {fileID: 0}
  m_GameObject: {fileID: 0}
  m_Enabled: 1
  m_EditorHideFlags: 0
  m_Script: {fileID: 11500000, guid: 7bf6462771707c641bc28eb74e8d751a, type: 3}
  m_Name: Distortion UV
  m_EditorClassIdentifier: 
  rect:
    serializedVersion: 2
    x: -437.6946
    y: 402.9993
    width: 172
    height: 380
  nodeKnobs:
  - {fileID: 114527834421933520}
  - {fileID: 114426266723278856}
  Inputs:
  - {fileID: 114527834421933520}
  Outputs:
  - {fileID: 114426266723278856}
  Variable: 12.344
  Variable2: 10
  Variable3: 0.3
  Variable4: 0.3
  Variable5: 0.614
  AddParameters: 1
  MemoCount: 1
--- !u!114 &114939528427883906
MonoBehaviour:
  m_ObjectHideFlags: 1
  m_CorrespondingSourceObject: {fileID: 0}
  m_PrefabInternal: {fileID: 0}
  m_GameObject: {fileID: 0}
  m_Enabled: 1
  m_EditorHideFlags: 0
  m_Script: {fileID: 11500000, guid: bc273d7946aa1864eb8a6d5627accc35, type: 3}
  m_Name: Blend = A with B
  m_EditorClassIdentifier: 
  rect:
    serializedVersion: 2
    x: -303.39655
    y: -96.00051
    width: 172
    height: 250
  nodeKnobs:
  - {fileID: 114319719597250532}
  - {fileID: 114998809214804974}
  - {fileID: 114340122276706354}
  Inputs:
  - {fileID: 114319719597250532}
  - {fileID: 114998809214804974}
  Outputs:
  - {fileID: 114340122276706354}
  Variable: 1
  SwapRGBA: 0
  parametersOK: 0
  MemoCount: 1
--- !u!114 &114963582871149726
MonoBehaviour:
  m_ObjectHideFlags: 1
  m_CorrespondingSourceObject: {fileID: 0}
  m_PrefabInternal: {fileID: 0}
  m_GameObject: {fileID: 0}
  m_Enabled: 1
  m_EditorHideFlags: 0
  m_Script: {fileID: 11500000, guid: 245ba0f541aeffa4abb5938641b07509, type: 3}
  m_Name: Preview Texture
  m_EditorClassIdentifier: 
  rect:
    serializedVersion: 2
    x: 105.90538
    y: 269.79932
    width: 168
    height: 253
  nodeKnobs:
  - {fileID: 114997558332994684}
  - {fileID: 114021493184059734}
  Inputs:
  - {fileID: 114997558332994684}
  Outputs:
  - {fileID: 114021493184059734}
  result: '//////////////////////////////////////////////////////////////

    /// Shadero Sprite: Sprite Shader Editor - by VETASOFT 2018 //

    /// Shader generate with Shadero 1.9.0                      //

    /// http://u3d.as/V7t #AssetStore                           //

    /// http://www.shadero.com #Docs                            //

    //////////////////////////////////////////////////////////////


    Shader "Shadero Previews/PreviewXATXQ1"

    {

    Properties

    {

    [PerRendererData] _MainTex("Sprite Texture", 2D) = "white" {}

    DistortionUV_WaveX_1("DistortionUV_WaveX_1", Range(0, 128)) = 12.344

    DistortionUV_WaveY_1("DistortionUV_WaveY_1", Range(0, 128)) = 10

    DistortionUV_DistanceX_1("DistortionUV_DistanceX_1", Range(0, 1)) = 0.3

    DistortionUV_DistanceY_1("DistortionUV_DistanceY_1", Range(0, 1)) = 0.3

    DistortionUV_Speed_1("DistortionUV_Speed_1", Range(-2, 2)) = 0.614

    _NewTex_2("NewTex_2(RGB)", 2D) = "white" { }

    _SpriteFade("SpriteFade", Range(0, 1)) = 1.0


    // required for UI.Mask

    [HideInInspector]_StencilComp("Stencil Comparison", Float) = 8

    [HideInInspector]_Stencil("Stencil ID", Float) = 0

    [HideInInspector]_StencilOp("Stencil Operation", Float) = 0

    [HideInInspector]_StencilWriteMask("Stencil Write Mask", Float) = 255

    [HideInInspector]_StencilReadMask("Stencil Read Mask", Float) = 255

    [HideInInspector]_ColorMask("Color Mask", Float) = 15


    }


    SubShader

    {


    Tags {"Queue" = "Transparent" "IgnoreProjector" = "true" "RenderType" = "Transparent"
    "PreviewType"="Plane" "CanUseSpriteAtlas"="True" }

    ZWrite Off Blend SrcAlpha OneMinusSrcAlpha Cull Off


    // required for UI.Mask

    Stencil

    {

    Ref [_Stencil]

    Comp [_StencilComp]

    Pass [_StencilOp]

    ReadMask [_StencilReadMask]

    WriteMask [_StencilWriteMask]

    }


    Pass

    {


    CGPROGRAM

    #pragma vertex vert

    #pragma fragment frag

    #pragma fragmentoption ARB_precision_hint_fastest

    #include "UnityCG.cginc"


    struct appdata_t{

    float4 vertex   : POSITION;

    float4 color    : COLOR;

    float2 texcoord : TEXCOORD0;

    };


    struct v2f

    {

    float2 texcoord  : TEXCOORD0;

    float4 vertex   : SV_POSITION;

    float4 color    : COLOR;

    };


    sampler2D _MainTex;

    float _SpriteFade;

    float DistortionUV_WaveX_1;

    float DistortionUV_WaveY_1;

    float DistortionUV_DistanceX_1;

    float DistortionUV_DistanceY_1;

    float DistortionUV_Speed_1;

    sampler2D _NewTex_2;


    v2f vert(appdata_t IN)

    {

    v2f OUT;

    OUT.vertex = UnityObjectToClipPos(IN.vertex);

    OUT.texcoord = IN.texcoord;

    OUT.color = IN.color;

    return OUT;

    }



    float2 DistortionUV(float2 p, float WaveX, float WaveY, float DistanceX, float
    DistanceY, float Speed)

    {

    Speed *=_Time*100;

    p.x= p.x+sin(p.y*WaveX + Speed)*DistanceX*0.05;

    p.y= p.y+cos(p.x*WaveY + Speed)*DistanceY*0.05;

    return p;

    }

    float4 frag (v2f i) : COLOR

    {

    float2 DistortionUV_1 = DistortionUV(i.texcoord,DistortionUV_WaveX_1,DistortionUV_WaveY_1,DistortionUV_DistanceX_1,DistortionUV_DistanceY_1,DistortionUV_Speed_1);

    float4 NewTex_2 = tex2D(_NewTex_2,DistortionUV_1);

    float4 FinalResult = NewTex_2;

    FinalResult.rgb *= i.color.rgb;

    FinalResult.a = FinalResult.a * _SpriteFade * i.color.a;

    return FinalResult;

    }


    ENDCG

    }

    }

    Fallback "Sprites/Default"

    }

'
  backpreview: 0
  ShaderString: Shadero Previews/PreviewXATXQ1
--- !u!114 &114968108551105578
MonoBehaviour:
  m_ObjectHideFlags: 1
  m_CorrespondingSourceObject: {fileID: 0}
  m_PrefabInternal: {fileID: 0}
  m_GameObject: {fileID: 0}
  m_Enabled: 1
  m_EditorHideFlags: 0
  m_Script: {fileID: 11500000, guid: 4caff27366054dd44a30ddb5be369acc, type: 3}
  m_Name: UV
  m_EditorClassIdentifier: 
  body: {fileID: 114278593310070486}
  side: 4
  sidePosition: 53.5
  sideOffset: 0
  connection: {fileID: 0}
  typeID: SuperFloat2
--- !u!114 &114997558332994684
MonoBehaviour:
  m_ObjectHideFlags: 1
  m_CorrespondingSourceObject: {fileID: 0}
  m_PrefabInternal: {fileID: 0}
  m_GameObject: {fileID: 0}
  m_Enabled: 1
  m_EditorHideFlags: 0
  m_Script: {fileID: 11500000, guid: 4caff27366054dd44a30ddb5be369acc, type: 3}
  m_Name: RGBA
  m_EditorClassIdentifier: 
  body: {fileID: 114963582871149726}
  side: 4
  sidePosition: 53.5
  sideOffset: 0
  connection: {fileID: 114531304298209008}
  typeID: SuperFloat4
--- !u!114 &114998809214804974
MonoBehaviour:
  m_ObjectHideFlags: 1
  m_CorrespondingSourceObject: {fileID: 0}
  m_PrefabInternal: {fileID: 0}
  m_GameObject: {fileID: 0}
  m_Enabled: 1
  m_EditorHideFlags: 0
  m_Script: {fileID: 11500000, guid: 4caff27366054dd44a30ddb5be369acc, type: 3}
  m_Name: RGBA
  m_EditorClassIdentifier: 
  body: {fileID: 114939528427883906}
  side: 4
  sidePosition: 126.5
  sideOffset: 0
  connection: {fileID: 114391554489981624}
  typeID: SuperFloat4
